AoeStats
← QQMORE

African Clearing

510453058Analyzed
3v3 RM · 2d ago on Oct 1, 2026· 29m 53s· 6 players
Game mode
Random Map
Map size
Normal (6 player)
Population
200
Speed
Normal
Resources
Standard
Victory
Conquest
Starting age
Dark Age
Ending age
Imperial Age
RankedLock teamsTeams togetherTeam positionsShared explorationLock speedFull tech treeHidden civsTurbo modeCheats
Victory
Defeat
🇺🇸 Vietnamese · United States
1035
+15
🇺🇸 Tatars · United States
1007
+16
🇨🇳 Maya · China
951
+18
🇨🇱 Turks · Chile
1022
-17
🇨🇱 Bohemians · Chile
1001
-16
🇨🇱 Vietnamese · Chile
986
-16
Jadecito
12:28 Loom
16:12 Feudal Age
20:26 Wheelbarrow
23:00 Castle Age
21:20 Horse Collar
21:38 Double-Bit Axe
22:24 Fletching
28:19 Bodkin Arrow
29:40 Bow Saw
29:45 Heavy Plow
Franji
15:52 Feudal Age
16:21 Town Watch
18:16 Wheelbarrow
17:23 Horse Collar
18:21 Double-Bit Axe
21:40 Loom
28:13 Arson
31:55 Castle Age
30:10 Forging
30:00 Scale Mail Armor
30:00 Padded Archer Armor
QQMORE
5:14 Loom
14:42 Feudal Age
19:14 Castle Age
19:39 Double-Bit Axe
20:50 Stone Mining
20:59 Horse Collar
XxLiOnOfZiOnXx
6:15 Loom
12:58 Feudal Age
13:52 Double-Bit Axe
18:31 Forging
19:43 Bloodlines
22:47 Castle Age
22:46 Fletching
23:34 Bodkin Arrow
23:43 Husbandry
25:07 Iron Casting
thatboybevo
13:13 Feudal Age
13:52 Loom
13:54 Double-Bit Axe
14:13 Horse Collar
23:25 Castle Age
24:15 Wheelbarrow
26:31 Heavy Plow
都美竹
14:04 Feudal Age
14:41 Double-Bit Axe
22:26 Castle Age
20:15 Horse Collar
20:32 Gold Mining
21:34 Stone Mining
21:59 Fletching
24:59 Stone Shaft Mining
23:49 Crossbowman
24:30 Bodkin Arrow
25:06 Bow Saw
25:26 Squires
27:49 Wheelbarrow
27:01 Loom
27:26 Heavy Plow
29:01 Thumb Ring
29:49 Treadmill Crane
Connection lost

Rejoining the realm…

Still unreachable

The connection could not be restored.

Session expired

The server has moved on; the page needs a fresh start.